 Dungeon Crawl Stone Soup version 0.19.1-1-g22dce08 (webtiles) character file.

31 Lennu the Vexing (level 3, -3/24 HPs)
             Began as a Vampire Enchanter on Jan 11, 2017.
             Slain by an adder (5 damage)
             ... on level 2 of the Dungeon.
             The game lasted 00:03:41 (1110 turns).

Lennu the Vexing (Vampire Enchanter)                Turns: 1110, Time: 00:03:41

Health: -3/24      AC:  3    Str:  7    XL:     3   Next: 7%
Magic:  6/6        EV: 13    Int: 17    God:
Gold:   78         SH:  0    Dex: 18    Spells: 1 memorised, 5 levels left

rFire  . . .     SeeInvis +     a - +1 dagger
rCold  . . .     Gourm    .     b - +1 robe
rNeg   . . .     Faith    .     (no shield)
rPois  .         Spirit   .     (no helmet)
rElec  .         Reflect  .     (no cloak)
rCorr  .         Harm     .     (no gloves)
MR     .....                    (no boots)
Stlth  +++.......               (no amulet)
                                (no ring)
                                j - +3 ring of dexterity

@: lethally poisoned (-3 -> -13), regenerating quickly, hasted, very quick
A: fangs 3, see invisible, unbreathing
a: no special abilities


You were on level 2 of the Dungeon.
You were very full.

You visited 1 branch of the dungeon, and saw 2 of its levels.

You collected 78 gold pieces.

Inventory:

Hand Weapons
 a - a +1 dagger (weapon)
Armour
 b - a +1 robe (worn)
Jewellery
 j - a +3 ring of dexterity (left hand)
Scrolls
 f - 3 scrolls of identify {unknown}
 g - a scroll of enchant weapon {unknown}
 h - a scroll of magic mapping {unknown}
 i - 2 scrolls of remove curse {unknown}
Potions
 d - 3 potions of blood
 k - a potion of cancellation {unknown}
 l - a potion of magic {unknown}
 m - a potion of ambrosia {unknown}
Books
 c - a book of Maledictions

   Spells                             Type                      Level
   a - Corona                         Hexes                        1
   b - Ensorcelled Hibernation        Hexes/Ice                    2
   c - Confuse                        Hexes                        3
   d - Tukima's Dance                 Hexes                        3
   e - Dazzling Spray                 Conjuration/Hexes            3


   Skills:
 * Level 1.4 Short Blades
 * Level 2.5 Dodging
 * Level 5.0 Stealth
 * Level 2.2 Spellcasting
 * Level 5.0 Hexes


You had 5 spell levels left.
You knew the following spells:

 Your Spells              Type           Power        Failure   Level  Hunger
a - Corona                Hex            ###....      2%          1    #......


Dungeon Overview and Level Annotations

Branches:
Dungeon (2/15)

Altars:


Innate Abilities, Weirdness & Mutations

Your natural rate of healing is unusually fast.
You have razor-sharp teeth.
You have supernaturally acute eyesight. (SInv)
You can survive without breathing.


Message History

The adder poisons you! The adder bites you.
You are lethally poisoned!
The adder poisons you! The adder bites you.
* * * LOW HITPOINT WARNING * * *
The adder barely misses you.
You completely miss the adder.
The adder is heavily wounded.
* * * LOW HITPOINT WARNING * * *
You feel sick. The adder bites you but does no damage. The adder misses you.
You hit the adder.
The adder is almost dead.
* * * LOW HITPOINT WARNING * * *
You feel sick. The adder bites you.
* * * LOW HITPOINT WARNING * * *
You are more poisoned.
The adder poisons you! The adder bites you but does no damage.
It was a potion of haste.
You feel yourself speed up.
* * * LOW HITPOINT WARNING * * *
You feel sick. The adder completely misses you. The adder bites you.
You die...

### ########## ..###########
##......... #.)...(...).##
######...##.....
..##..#(.##..###@Sl........#
†##..###..##..##S####...####
###..#
#..###...............l.. #
#.## ##.#
#.##.#####...####.. # ## ##
#.##.# #...# ## #.##.# #...#
.# ..##.# #...# ÷## ..##.#
#...# ..## ..###.# #....


You could see 2 adders and a leopard gecko.

Vanquished Creatures
  An ooze (D:2)
  2 leopard geckos (D:1)
  3 goblins
  3 hobgoblins
  4 jackals (D:1)
  5 bats
  3 kobolds
  2 rats
23 creatures vanquished.

Notes
Turn   | Place    | Note
-------+----------+-------------------------------------------
     0 | D:1      | Lennu the Vampire Enchanter began the quest for the Orb.
     0 | D:1      | Reached XP level 1. HP: 13/13 MP: 3/3
   317 | D:1      | Reached XP level 2. HP: 19/19 MP: 0/5
   769 | D:2      | Reached skill level 5 in Stealth
   769 | D:2      | Reached skill level 5 in Hexes
  1043 | D:2      | Reached XP level 3. HP: 23/24 MP: 4/6
  1110 | D:2      | Slain by an adder

Skill      XL: |  1  2 |
---------------+-------+-----
Stealth        | 5 |  5.0
Hexes          | 5 |  5.0
Short Blades   | |  1.4
Dodging        | |  2.5
Spellcasting   | |  2.2

Action                   || total
-------------------------++-------
Melee: Dagger            ||    84
       Bite              ||     9
 Cast: Corona            ||    12
  Use: Potion            ||     8
 Stab: Sleeping          ||     5
Armor: Robe              ||    22
Dodge: Dodged            ||    66
